 Seeded DCSS version 0.27-a0-1232-gc6a4cbd (webtiles) character file.

Game seed: 3375557939289291370 (custom seed)

7 AmazingTV the Ducker (level 1, 0/11 HPs)
             Began as a Spriggan Abyssal Knight on June 8, 2021.
             Was a Follower of Lugonu.
             Slain by a frilled lizard (2 damage)
             ... on level 2 of the Dungeon.
             The game lasted 00:03:32 (554 turns).

AmazingTV the Ducker (Spriggan Abyssal Knight)       Turns: 554, Time: 00:03:32

Health: 0/11       AC:  2    Str:  7 (8)  XL:     1   Next: 91%
Magic:  3/3        EV: 17    Int:  9      God:    Lugonu [*.....]
Gold:   31         SH:  0    Dex: 12 (14) Spells: 0/0 levels left

rFire    . . .     SeeInvis +   a - +1 hand axe
rCold    . . .     Faith    .   (shield restricted)
rNeg     . . .     Spirit   .   b - +0 robe
rPois    .         Reflect  .   (helmet restricted)
rElec    .         Harm     .   (no cloak)
rCorr    .         Rampage  .   (gloves unavailable)
Will     .....                  (boots unavailable)
Stlth    +.........             (no amulet)
HPRegen  0.03/turn              (no ring)
MPRegen  0.08/turn              (no ring)

@: unable to read, very quick
A: very small, no large weapons, unfitting armour, see invisible, speed 3,
[deterioration 2], [dopey 2], [inability to read while threatened]
a: Renounce Religion, Depart the Abyss


You were on level 2 of the Dungeon.
You worshipped Lugonu.
Lugonu was aware of your devotion.
You visited 1 branch of the dungeon, and saw 2 of its levels.
You visited the Abyss 1 time.

You collected 31 gold pieces.

Inventory:

Hand Weapons
 a - a +1 hand axe (weapon)
Armour
 b - a +0 robe (worn)


   Skills:
 + Level 2.7 Fighting
 + Level 1.7 Axes
 + Level 3.2 Dodging
 + Level 1.9 Invocations


You couldn't memorise any spells.
You didn't know any spells.
Your spell library was empty.

Dungeon Overview and Level Annotations

Branches:
Dungeon (2/15)

Altars:


Innate Abilities, Weirdness & Mutations

You are very small and have problems with some larger weapons.
You are too small for most types of armour.
You have supernaturally acute eyesight. (SInv)
You cover ground extremely quickly. (Speed+++)
[Your body often deteriorates upon taking damage.]
[You are very dopey. (Int -4)]
[You sometimes lose the ability to read scrolls when taking damage.]


Message History

The endoplasm quivers.
You hit the endoplasm.
The endoplasm is severely wounded.
The endoplasm freezes you.
You are frozen.
You feel threatened and lose the ability to read scrolls!
The endoplasm barely misses you.
You have 31 gold pieces.
You can read scrolls again.
The endoplasm hits you.
You feel threatened and lose the ability to read scrolls!
* * * LOW HITPOINT WARNING * * *
You barely miss the endoplasm.
The endoplasm is severely wounded.
You closely miss the hobgoblin.
You can read scrolls again.
A dart slug comes into view.
The hobgoblin closely misses you. The endoplasm misses you.
Okay, then.
You barely miss the hobgoblin. The hobgoblin misses you.
You hit the hobgoblin.
You kill the hobgoblin!
Lugonu accepts your kill.
You can now depart the Abyss.
You hit the endoplasm but do no damage.
The endoplasm is severely wounded.
The endoplasm barely misses you.
You hit the endoplasm.
You kill the endoplasm!
Lugonu accepts your kill.
A frilled lizard comes into view.
The frilled lizard hisses angrily.
The dart slug barely misses you.
A frilled lizard comes into view.
The dart slug launches a dart at you. The slug dart hits you.
You feel threatened and lose the ability to read scrolls!
* * * LOW HITPOINT WARNING * * *
Your body deteriorates!
You feel weakened. The frilled lizard bites you.
You die...

. #### .. ..#
...# #.##
...l.#######<.#
#....w....<#
##.l@..#####
#.###..# ..
...... ...
##.##### #..
... #. ##. # #^
.


You could see a dart slug and 2 frilled lizards.

Vanquished Creatures
  2 endoplasms
  A goblin (D:1)
  A hobgoblin (D:2)
  A quokka (D:1)
  A kobold (D:1)
6 creatures vanquished.

Notes
Turn   | Place    | Note
-------+----------+-------------------------------------------
     0 | Abyss:1  | AmazingTV the Spriggan Abyssal Knight began the quest for
                  | the Orb.
     0 | Abyss:1  | Reached XP level 1. HP: 11/11 MP: 3/3
   158 | Abyss:1  | Noticed a wretched star
   164 | D:1      | Escaped the Abyss
   545 | D:2      | Reached * piety under Lugonu
   554 | D:2      | Slain by a frilled lizard

Illustrated notes

Levels and vault maps discovered:
D:1:      dpeg_arrival_three_smaller_balls, layout_rooms,
          hellmonk_ecumenical_altar_prayer_group, minmay_split_cup_large
D:2:      layout_rooms, serial_shops, nicolae_shop_crystal

Action                   || total
-------------------------++-------
Melee: Hand axe          ||    17
Invok: Depart the Abyss  ||     1
 Stab: Sleeping          ||     1
Armor: Robe              ||     1
Dodge: Dodged            ||    20

Table legend: (Time is in decaauts)
 A = Elapsed time spent in this place.
 B = Non-inter-level travel time spent in this place.
 C = Inter-level travel time spent in this place.
 D = Time resting spent in this place.
 E = Time spent auto-exploring this place.
 F = Levels seen in this place.
 G = Mean time per level.
                   A        B        C        D        E       F      G
               +--------+--------+--------+--------+--------+-----+--------+
         Total |    434 |    434 |      0 |    216 |    134 |   3 |  144.7 |
       Dungeon |    335 |    335 |      0 |    216 |     46 |   2 |  167.5 |
         Abyss |     98 |     98 |      0 |      0 |     88 |   1 |   98.0 |
               +--------+--------+--------+--------+--------+-----+--------+

Top non-repeatable levels by time:
     D:1: 319 daAuts
 Abyss:1: 98 daAuts
     D:2: 15 daAuts
